 Dungeon Crawl Stone Soup version 0.30-a0-269-gf0224bf7b6 (webtiles) character file.

Game seed: 7207116395380800577

32 lonewolfV2 the Trooper (level 3, 0/20 HPs)
             Began as a Vine Stalker Fighter on Oct 15, 2022.
             Frozen to death by an endoplasm (3 damage)
             ... on level 2 of the Dungeon.
             The game lasted 00:02:28 (716 turns).

lonewolfV2 the Trooper (Vine Stalker Fighter)        Turns: 716, Time: 00:02:28

Health: 0/20       AC:  6    Str: 20    XL:     3   Next: 27%
Magic:  0/4        EV:  9    Int:  8    God:
Gold:   68         SH:  4    Dex: 13    Spells: 2/2 levels left

rFire   . . .      SeeInvis .    a - +0 war axe
rCold   . . .      Faith    .    c - +0 buckler
rNeg    . . .      Spirit   +    b - +0 scale mail
rPois   .          Reflect  .    (no helmet)
rElec   .          Harm     .    (no cloak)
rCorr   .          Rampage  .    (no gloves)
Will    .....                    (no boots)
Stlth   ..........               (no amulet)
HPRegen 0.23/turn                (no ring)
MPRegen 0.09/turn                (no ring)

@: no status effects
A: fangs 2, magic shield, antimagic bite, no potion heal 2
a: no special abilities


You were on level 2 of the Dungeon.
You visited 1 branch of the dungeon, and saw 2 of its levels.

You collected 68 gold pieces.

Inventory:

Hand Weapons
 a - a +0 war axe (weapon)
Armour
 b - a +0 scale mail (worn)
 c - a +0 buckler (worn)
Jewellery
 h - an amulet of regeneration
Scrolls
 e - a scroll of identify
Potions
 d - a potion of might
 f - a potion of mutation
 g - 2 potions of curing
 i - a potion of haste


   Skills:
 + Level 3.0 Fighting
 + Level 2.2 Axes
 + Level 2.8 Armour
 + Level 0.3 Dodging
 + Level 2.8 Shields


You had 2 spell levels left.
You didn't know any spells.
Your spell library was empty.

Dungeon Overview and Level Annotations

Branches:
Dungeon (2/15)

Altars:

Shops:
D:1 [


Innate Abilities, Weirdness & Mutations

You have extremely sharp teeth.
When hurt, damage is shared between your health and your magic reserves.
Your bite disrupts and absorbs the magic of your enemies.
Potions cannot restore your health.


Message History

You block the giant cockroach's attack.
The endoplasm hits you but does no damage.
The quokka barely misses you.
The giant cockroach bites you but does no damage.
You closely miss the quokka.
The quokka is heavily wounded.
You hit the giant cockroach. You hit the endoplasm but do no damage.
The endoplasm freezes you.
You are frozen.
The quokka bites you but does no damage.
The giant cockroach barely misses you. You block the endoplasm's attack.
You closely miss the quokka. Your bite misses the quokka.
The quokka is heavily wounded.
You closely miss the giant cockroach. You barely miss the endoplasm.
The quokka bites you. The giant cockroach bites you.
The quokka barely misses you. The endoplasm freezes you.
You are frozen.
The giant cockroach barely misses you.
You hit the giant cockroach.
You kill the giant cockroach!
You hit the quokka.
You kill the quokka!
You hit the endoplasm. The endoplasm hits you. The endoplasm freezes you.
You are frozen.
* * * LOW HITPOINT WARNING * * *
The endoplasm freezes you.
You are frozen.
* * * LOW HITPOINT WARNING * * *
You slash the endoplasm!
You kill the endoplasm!
You hit the endoplasm but do no damage. The endoplasm freezes you.
You are frozen.
* * * LOW HITPOINT WARNING * * *
A ball python comes into view.
The ball python hisses angrily.
The endoplasm freezes you.
You are frozen.
You die...

#.......###.##......##.#
#............#.#.#.##..
##.....†.###.....#.####
#....†....###..##.#
#.#.........##....# #.
#..######..#...## #
##.##....##.##..
#)†#..$[S.# . #..#@J#
#....$# #.....?)..#
##.......## #..######
##.. ###. #


You could see an endoplasm and a ball python.

Vanquished Creatures
  6 ball pythons
  An endoplasm (D:2)
  3 giant cockroaches (D:2)
  4 goblins
  4 hobgoblins (D:1)
  2 quokkas
  5 frilled lizards
  3 kobolds
  A rat (D:1)
29 creatures vanquished.

Notes
Turn   | Place    | Note
-------+----------+-------------------------------------------
     0 | D:1      | lonewolfV2 the Vine Stalker Fighter began the quest for the
                  | Orb.
     0 | D:1      | Reached XP level 1. HP: 11/11 MP: 2/2
    79 | D:1      | Reached XP level 2. HP: 15/16 MP: 3/3
   324 | D:1      | Found Koodd's Antique Armour Shop.
   550 | D:2      | Reached skill level 3 in Fighting
   666 | D:2      | Reached XP level 3. HP: 19/20 MP: 1/4
   716 | D:2      | Frozen to death by an endoplasm

Illustrated notes

Levels and vault maps discovered:
D:1:      minmay_arrival_up_and_down, layout_rooms, serial_shops,
          nicolae_shop_behind_doors
D:2:      layout_loops_corners, minmay_randomly_rotated_circles

Skill      XL: |  1  2 |
---------------+-------+-----
Axes           | 2 |  2.2
Fighting       | 3 |  3.0
Armour         | |  2.8
Dodging        | |  0.3
Shields        | |  2.8

Action                   || total
-------------------------++-------
Melee: War axe           ||    55
       Bite              ||    10
  Use: Scroll            ||     5
Armor: Scale mail        ||    34
Dodge: Dodged            ||    40
Block: Buckler           ||    18

Table legend: (Time is in decaauts)
 A = Elapsed time spent in this place.
 B = Non-inter-level travel time spent in this place.
 C = Inter-level travel time spent in this place.
 D = Time resting spent in this place.
 E = Time spent auto-exploring this place.
 F = Levels seen in this place.
 G = Mean time per level.
                   A        B        C        D        E       F      G
               +--------+--------+--------+--------+--------+-----+--------+
         Total |    740 |    708 |     32 |      0 |    489 |   2 |  370.0 |
       Dungeon |    740 |    708 |     32 |      0 |    489 |   2 |  370.0 |
               +--------+--------+--------+--------+--------+-----+--------+

Top non-repeatable levels by time:
     D:1: 526 daAuts
     D:2: 213 daAuts
